 Dungeon Crawl Stone Soup version 0.31.0-1-g2c135a0 (webtiles) character file.

Game seed: 11285784372740325297

88782 yeetiebeetie the Bludgeoner (level 15, -14/145 HPs)
             Began as a Grey Draconian Berserker on Feb 17, 2024.
             Was a High Priest of Trog.
             Demolished by Kirke (16 damage)
             ... while paralysed by a sphinx
             ... on level 5 of the Lair of Beasts.
             The game lasted 01:00:18 (19675 turns).

yeetiebeetie the Bludgeoner (DrBe)                 Turns: 19675, Time: 01:00:20

Health: -14/145    AC:  0    Str: 24    XL:     15   Next: 47%
Magic:  15/15      EV:  3    Int:  8    God:    Trog [*****.]
Gold:   1389       SH:  0    Dex: 13    Spells: 14/14 levels left

rFire   . . .        h - melded +5 eveningstar of Danwiosk {heavy, rElec rN+++ Int-3}
rCold   . . .        g - melded +0 kite shield
rNeg    . . .        (body armour unavailable)
rPois   .            M - melded +1 hat {Stlth+}
rElec   .            r - melded +1 cloak
rCorr   .            (gloves currently unavailable)
SInv    .            n - melded +0 pair of boots
Will    +....        b - amulet of regeneration
Stlth   ++++         H - melded ring "Heopoa" {Wiz rC+++ rCorr Str+3 Int+2}
HPRegen 1.24/turn    y - melded +6 ring of strength
MPRegen 0.14/turn

%: no passive effects
@: paralysed, pig-form, on berserk cooldown, slowed, studying Staves, very quick
A: fast, no casting, AC +14, (amphibious), small, unfitting armour,
(cold-blooded)
a: Renounce Religion, Berserk, Trog's Hand, Brothers in Arms


You were on level 5 of the Lair of Beasts.
You worshipped Trog.
Trog was extremely pleased with you.
You were a filthy swine.
You visited 2 branches of the dungeon, and saw 20 of its levels.
You also visited: Ice Cave.

You collected 1389 gold pieces.

Inventory:

Hand Weapons
 h - the +5 eveningstar of Danwiosk (melded) {heavy, rElec rN+++ Int-3}
   (Trog gifted it to you on level 5 of the Lair of Beasts)

   Int-3:     It affects your intelligence (-3).
   rElec:     It insulates you from electricity.
   rN+++:     It renders you almost immune to negative energy.
 o - the +6 shillelagh "Devastator" {shatter}
   (You found it on level 3 of the Dungeon)
Missiles
 s - a throwing net (quivered)
Armour
 g - a +0 kite shield (melded)
 n - a +0 pair of boots (melded)
 r - a +1 cloak (melded)
 M - a +1 hat of stealth (melded)
Jewellery
 b - an amulet of regeneration (around neck)
 y - a +6 ring of strength (melded)
 G - the ring "Zeofrarph" {Fire rN+ Str+3 SInv}
   (You found it on level 9 of the Dungeon)

   [ring of fire]

   Fire:      It enhances your fire magic.
   Str+3:     It affects your strength (+3).
   rF+:       It protects you from fire.
   rC-:       It makes you vulnerable to cold.
   rN+:       It protects you from negative energy.
   SInv:      It lets you see invisible.
 H - the ring "Heopoa" (melded) {Wiz rC+++ rCorr Str+3 Int+2}
   (You took it off a tengu warrior on level 9 of the Dungeon)

   [ring of wizardry]

   Wiz:       It improves your spell success rate.
   Str+3:     It affects your strength (+3).
   Int+2:     It affects your intelligence (+2).
   rC+++:     It renders you almost immune to cold.
   rCorr:     It protects you from acid and corrosion.
 O - a ring of positive energy
 R - a +6 ring of dexterity
 S - the ring of Dioll {Fly Will+ Stlth+}
   (You took it off a deep elf knight on level 15 of the Dungeon)

   [ring of flight]

   Will+:     It increases your willpower.
   Fly:       It grants you flight.
   Stlth+:    It makes you more stealthy.
 X - a +6 ring of strength
Wands
 q - a wand of flame (41)
 C - a wand of paralysis (18)
 D - a wand of mindburst (22)
 L - a wand of roots (16)
 P - a wand of digging (5)
 Q - a wand of light (5)
Scrolls
 f - 4 scrolls of revelation
 i - a scroll of fear
 j - 3 scrolls of enchant weapon
 m - 11 scrolls of teleportation
 v - a scroll of vulnerability {unknown}
 A - 3 scrolls of fog {unknown}
 B - 4 scrolls of blinking
 E - 3 scrolls of silence {unknown}
 I - a scroll of enchant armour {unknown}
 K - 5 scrolls of noise {unknown}
 N - 2 scrolls of poison {unknown}
 Y - a scroll of butterflies {unknown}
Potions
 a - 2 potions of berserk rage
 c - 3 potions of heal wounds
 d - 6 potions of ambrosia
 e - 6 potions of curing
 t - 4 potions of haste
 w - 4 potions of enlightenment
 x - 3 potions of mutation
 z - a potion of resistance
 F - 2 potions of cancellation
 J - 2 potions of invisibility
 V - 3 potions of might
Miscellaneous
 u - a condenser vane


   Skills:
 + Level 16.4 Fighting
 + Level 16.7 Maces & Flails
 - Level 11.7 Dodging
 * Level 9.3 Stealth
 - Level 8.5 Shields


You had 14 spell levels left.
You didn't know any spells.
Your spell library was empty.

Dungeon Overview and Level Annotations

Branches:
Dungeon (15/15)            Temple (0/1) D:5            Lair (5/5) D:10
 Shoals (0/4) Lair:2        Snake (0/4) Lair:2        Slime (0/5) Lair:4
    Orc (0/2) D:11         Vaults (0/5) D:13         Depths (0/4) D:15
  IceCv (visited)

Altars:
Cheibriados
Elyvilon
Gozag
Hepliaklqana
Kikubaaqudgha
Makhleb
Trog
Vehumet
Xom
Zin
Jiyva

Shops:
D:5 (

Portals:
Trove: D:11 (show abyssal rune of Zot)

Annotations:
D:11 1 runed translucent door, alkersh's ghost, journeyman MiFi
Lair:5 Kirke


Innate Abilities, Weirdness & Mutations

You are a filthy swine.
You move quickly.
Your equipment is almost entirely melded.
You are incapable of wielding weapons or throwing items.
You cannot cast spells.
((Your dull iron-grey scales are very hard. (AC +14)))
((You are amphibious.))
You cannot fit into any form of body armour.
((You are cold-blooded and may be slowed by cold attacks.))


Message History

The +5 eveningstar of Danwiosk {heavy, rElec rN+++ Int-3} melds into your body.
Your +1 cloak melds into your body.
Your +1 hat of stealth melds into your body.
Your +0 pair of boots melds into your body.
Your +0 kite shield melds into your body.
The ring "Heopoa" {Wiz rC+++ rCorr Str+3 Int+2} melds into your body.
Your +6 ring of strength melds into your body.
You feel less stealthy.
You feel weaker.
You are too berserk!
You feel a strong urge to attack something.
Kirke closely misses you.
You see here an elf skeleton.
You bite Kirke!
Kirke is lightly wounded.
You barely miss Kirke.
Kirke is lightly wounded.
The sphinx casts a spell.
You suddenly lose the ability to move!
Kirke hits you.
The sphinx mumbles some strange words.
Something smites you! Kirke hits you!
Kirke says, "Can we stop fighting?
I have some good wine for you..." Kirke hits you.
The sphinx hits you. x2; The sphinx hits you!
Kirke hits you!
You are no longer berserk.
You feel yourself slow down. The sphinx hits you!! The sphinx hits you!
The sphinx hits you. Kirke hits you! The sphinx hits you!!
* * * LOW HITPOINT WARNING * * *
The sphinx hits you.
* * * LOW HITPOINT WARNING * * *
The sphinx hits you.
* * * LOW HITPOINT WARNING * * *
The sphinx hits you.
* * * LOW HITPOINT WARNING * * *
The sphinx hits you!
* * * LOW HITPOINT WARNING * * *
The sphinx hits you!
* * * LOW HITPOINT WARNING * * *
Kirke hits you!
You die...

..............##
...............##
....#..........##
...##..P......#.#
##........†PP.. ######
###........)..... ##..P.###
##...........†....
##.......####HP.......÷...###.
#...†........h@...........# ##
#P..÷...P...##..P...........#
#........########.....P.##....
.....##### ##♣....###...P
...## ....## ..... .. .♣.# .
.# #


You could see Kirke and a sphinx (summoned).

Vanquished Creatures
  Gastronok (D:11)
  A tengu reaver (D:12)
  A frost giant (IceCv)
  A very ugly thing (D:15)
  The ghost of Kayvon the Mimic, a journeyman TrFi of Wu Jian (Lair:3)
  Josephine (Lair:5)
  Snorg (D:11)
  2 rakshasas (D:15)
  4 hydras
  4 boulder beetles
  3 two-headed ogres
  A catoblepas (Lair:2)
  6 centaur warriors
  2 tengu warriors
  12 death yaks
  A deep elf knight (D:15)
  Sonja (D:13)
  3 skeletal warriors (D:13)
  A sea snake (shapeshifter) (D:15)
  A glowing orange brain (D:15)
  Pikel (D:7)
  A swamp dragon (shapeshifter) (D:13)
  An orc knight (D:15)
  3 deep elf pyromancers
  6 cyclopes
  13 ugly things
  A meliai (shapeshifter) (D:9)
  Maurice (D:12)
  4 meliai (Lair:3)
  2 manticores
  6 black mambas
  3 elephants (Lair:3)
  Joseph (D:8)
  4 torpor snails
  2 gargoyles
  11 cane toads
  7 komodo dragons
  2 kobold demonologists
  An unseen horror (D:14)
  6 rime drakes
  A freezing wraith (D:15)
  An efreet (D:13)
  2 queen bees
  A hornet (Lair:3)
  5 trolls
  7 polar bears
  5 blink frogs (Lair:4)
  A raiju (shapeshifter) (D:14)
  16 slime creatures
  A snapping turtle (Lair:2)
  A shadow (D:10)
  7 wraiths
  6 wyverns
  81 yaks
  A yak (shapeshifter) (D:13)
  A water elemental (Lair:2)
  6 hogs (Lair:5)
  7 vampire mosquitoes
  4 basilisks
  3 wargs
  A steam dragon (D:10)
  2 acid dragons
  15 water moccasins
  3 black bears
  2 sky beasts (D:7)
  A swamp drake (shapeshifter) (D:13)
  A laughing skull (D:15)
  7 orc warriors
  2 ice beasts
  2 ogres
  24 wolves
  8 centaurs
  2 lemures (D:7)
  A phantom (D:5)
  5 kobold brigands
  10 bullfrogs
  A gnoll sergeant (D:6)
  6 wights
  25 killer bees
  5 spriggan skeletons (D:14)
  6 howler monkeys
  A troll skeleton (D:14)
  2 jellies
  2 bombardier beetles
  3 crimson imps (D:10)
  2 hounds
  9 orc priests
  2 iguanas (D:4)
  3 sleepcaps
  9 orc wizards
  7 gnolls
  11 adders
  7 white imps
  2 ufetubi (D:5)
  2 ribbon worms
  36 orcs
  3 bats
  4 endoplasms
  4 giant cockroaches
  4 goblins
  9 hobgoblins
  4 jackals (D:2)
  A quokka (D:4)
  10 ball pythons
  3 frilled lizards
  28 kobolds
  4 rats
582 creatures vanquished.

Vanquished Creatures (others)
  An orc warrior (D:6)
  3 bullfrogs (D:6)
  2 hounds (D:6)
  An orc wizard (D:6)
  2 orcs (D:6)
9 creatures vanquished.

Grand Total: 591 creatures vanquished

Notes
Turn   | Place    | Note
-------+----------+-------------------------------------------
     0 | D:1      | yeetiebeetie the Draconian Berserker began the quest for
                  | the Orb.
     0 | D:1      | Reached XP level 1. HP: 19/19 MP: 1/1
   224 | D:1      | Reached XP level 2. HP: 26/26 MP: 2/2
   516 | D:1      | Found a faded altar of an unknown god.
   657 | D:2      | Reached XP level 3. HP: 23/33 MP: 3/3
  1113 | D:2      | Reached XP level 4. HP: 31/41 MP: 4/4
  1123 | D:2      | Reached ** piety under Trog
  1300 | D:3      | Found a white marble altar of Elyvilon.
  1328 | D:3      | Found the +6 shillelagh "Devastator" {shatter}
  2327 | D:4      | Reached XP level 5. HP: 36/47 MP: 5/5
  2333 | D:4      | Reached skill level 5 in Maces & Flails
  2436 | D:4      | Reached skill level 5 in Fighting
  2450 | D:4      | Reached XP level 6. HP: 56/56 MP: 6/6
  2781 | D:4      | You fall into a shaft and drop 2 floors!
  2781 | D:6      | Found a bloodstained altar of Trog.
  2789 | D:6      | Found an ancient bone altar of Kikubaaqudgha.
  2795 | D:6      | Found a radiant altar of Vehumet.
  2807 | D:6      | Found a burning altar of Makhleb.
  2815 | D:6      | Found a snail-covered altar of Cheibriados.
  2930 | D:6      | Your scales start taking on a dull iron-grey colour.
  2930 | D:6      | Reached XP level 7. HP: 61/61 MP: 7/7
  3131 | D:6      | Found a shimmering altar of Xom.
  3314 | D:6      | Reached *** piety under Trog
  3443 | D:5      | Entered Level 5 of the Dungeon
  3547 | D:5      | Found Waleidae's Antique Weapon Shop.
  3625 | D:5      | Reached XP level 8. HP: 71/71 MP: 8/8
  3665 | D:5      | Found a staircase to the Ecumenical Temple.
  3782 | D:5      | Found a glowing silver altar of Zin.
  3783 | D:5      | Found an opulent altar of Gozag.
  4932 | D:7      | Noticed Pikel
  4945 | D:7      | Killed Pikel
  4946 | D:7      | Reached skill level 10 in Maces & Flails
  4946 | D:7      | Reached XP level 9. HP: 81/81 MP: 9/9
  5418 | D:8      | Noticed Joseph
  5528 | D:8      | Killed Joseph
  5738 | D:8      | Found a hazy altar of Hepliaklqana.
  5805 | D:8      | Reached **** piety under Trog
  5875 | D:9      | Reached skill level 5 in Dodging
  6000 | D:9      | Reached XP level 10. HP: 55/91 MP: 10/10
  6066 | D:9      | Noticed a two-headed ogre
  6075 | D:9      | Killed a two-headed ogre
  6236 | D:9      | Identified the ring "Zeofrarph" {Fire rN+ Str+3 SInv}
  6314 | D:9      | Reached skill level 10 in Fighting
  6601 | D:9      | Identified the ring "Heopoa" {Wiz rC+++ rCorr Str+3 Int+2}
  6601 | D:9      | Noticed a tengu warrior
  6612 | D:9      | Killed a tengu warrior
  6681 | D:9      | Noticed a meliai
  6688 | D:9      | Killed a meliai
  6712 | D:9      | Noticed a boulder beetle
  6778 | D:8      | Killed a boulder beetle
  6916 | D:10     | Entered Level 10 of the Dungeon
  7018 | D:10     | Noticed a gargoyle
  7030 | D:10     | Killed a gargoyle
  7031 | D:10     | Reached XP level 11. HP: 102/102 MP: 11/11
  7258 | D:10     | Found a staircase to the Lair.
  7322 | D:10     | Noticed a two-headed ogre
  7328 | D:10     | Killed a two-headed ogre
  8415 | D:11     | Found a staircase to the Orcish Mines.
  8510 | D:11     | Reached ***** piety under Trog
  8574 | D:11     | Found a portal to a secret trove of treasure.
  8615 | D:11     | Noticed Snorg
  8623 | D:11     | Reached skill level 1 in Shields
  8628 | D:11     | Killed Snorg
  8821 | D:11     | Noticed alkersh's ghost (journeyman MiFi)
  8824 | D:11     | Found a runed translucent door.
  8846 | D:11     | Noticed Gastronok
  8865 | D:11     | Killed Gastronok
  9287 | D:12     | Noticed a boulder beetle
  9293 | D:12     | Killed a boulder beetle
  9294 | D:12     | Reached XP level 12. HP: 112/112 MP: 12/12
  9735 | D:12     | Noticed Maurice
  9743 | D:12     | Killed Maurice
  9754 | D:12     | Reached skill level 5 in Shields
  9812 | D:12     | Noticed a tengu reaver
  9812 | D:12     | Noticed a boulder beetle
  9828 | D:12     | Killed a tengu reaver
  9828 | D:12     | Received a gift from Trog
 10284 | D:12     | Killed a boulder beetle
 10459 | D:13     | Noticed an entropy weaver
 10473 | D:13     | Noticed a two-headed ogre
 10478 | D:13     | Killed a two-headed ogre
 10479 | D:13     | Noticed a centaur warrior
 10488 | D:13     | Killed a centaur warrior
 10499 | D:13     | an entropy weaver changed into a swamp drake
 10618 | D:13     | a skyshark changed into an alligator
 10618 | D:13     | Noticed an alligator (glowing shapeshifter)
 10619 | D:13     | an alligator changed into a swamp dragon
 10697 | D:13     | Found a gate to the Vaults.
 10726 | D:13     | Found a frozen archway.
 10735 | IceCv    | Entered an ice cave
 10751 | IceCv    | Noticed a death yak
 10754 | IceCv    | Reached XP level 13. HP: 113/122 MP: 13/13
 10986 | IceCv    | Noticed a frost giant
 11003 | IceCv    | Reached skill level 10 in Dodging
 11009 | IceCv    | Killed a frost giant
 11071 | IceCv    | Reached skill level 15 in Maces & Flails
 11989 | D:13     | Noticed Sonja
 11993 | D:13     | Killed Sonja
 12050 | D:13     | Received a gift from Trog
 12600 | D:14     | Reached skill level 1 in Stealth
 13057 | D:14     | Reached XP level 14. HP: 96/133 MP: 14/14
 13386 | D:15     | Entered Level 15 of the Dungeon
 13704 | D:15     | Found a gate leading to a gauntlet.
 13784 | D:15     | Noticed a storm dragon
 13785 | D:15     | Noticed a shadow dragon
 14109 | D:15     | Noticed a white very ugly thing
 14117 | D:15     | Killed a white very ugly thing
 14180 | D:15     | Found a staircase to the Depths.
 14251 | D:15     | Reached skill level 15 in Fighting
 14475 | D:15     | Identified the +2 trident "Wepp" {antimagic, *Rage Will-
                  | rCorr Int+9}
 14475 | D:15     | Identified the ring of Dioll {Fly Will+ Stlth+}
 14490 | D:15     | Reached skill level 5 in Stealth
 14756 | Lair:1   | Entered Level 1 of the Lair of Beasts
 15730 | Lair:2   | Received a gift from Trog
 15772 | Lair:2   | Found a staircase to the Snake Pit.
 16412 | Lair:2   | Found a staircase to the Shoals.
 17056 | Lair:3   | Reached XP level 15. HP: 143/143 MP: 15/15
 17092 | Lair:3   | Found a transporter.
 17096 | Lair:3   | Found a transporter.
 17097 | Lair:3   | Noticed Kayvon's ghost (journeyman TrFi)
 17975 | Lair:3   | Killed Kayvon's ghost
 18201 | Lair:3   | Received a gift from Trog
 18790 | Lair:4   | Identified the +0 sling of the Fuzzy God {flame, rElec rC-
                  | Int+2 Stlth+}
 18992 | Lair:4   | Found a viscous altar of Jiyva.
 18993 | Lair:4   | Found a staircase to the Slime Pits.
 19105 | Lair:5   | Entered Level 5 of the Lair of Beasts
 19215 | Lair:5   | Noticed Kirke
 19428 | Lair:5   | Identified the +5 eveningstar of Danwiosk {heavy, rElec
                  | rN+++ Int-3} (Trog gifted it to you on level 5 of the Lair
                  | of Beasts)
 19428 | Lair:5   | Received a gift from Trog
 19436 | Lair:5   | Noticed Josephine
 19467 | Lair:5   | Killed Josephine
 19666 | Lair:5   | Noticed a sphinx
 19670 | Lair:5   | Paralysed by a sphinx for 5 turns
 19675 | Lair:5   | HP: 2/145 [sphinx[Kirke] (10)]
 19675 | Lair:5   | Demolished by Kirke

Illustrated notes

Levels and vault maps discovered:
D:1:      ebering_trefoil_twist, layout_loops_ring,
          shapermc_ecumenical_altar_mp_vishouse
D:2:      layout_basic, amcnicky_mini_pool_small
D:3:      layout_basic, mainiacjoe_overflow_cross_hatched, serial_bayou_lagoon_a
D:4:      layout_basic, minmay_manual_mess
D:5:      layout_basic, grunt_temple_overflow_gold_and_silver, temple_statues,
          nicolae_inconvenience_store
D:6:      layout_loops_corners, minmay_overflow_temple_star_hex,
          xom_confusion_cloud
D:7:      layout_loops_ring, uniq_pikel
D:8:      layout_rooms, mainiacjoe_overflow_alcove_1, serial_bayou,
          serial_bayou_pond_d, serial_bayou_pond_d, serial_bayou_pond_a,
          serial_bayou_pond_a, uniq_joseph
D:9:      layout_loops_ring, chequers_serial_rivers_room_b, st_stairs_2,
          minmay_pinched_square
D:10:     layout_stronghold, erik_lair_orcish_takeover, minmay_fire_ice_demons
D:11:     layout_roguey, david_orc_1_choice, hellmonk_ghost_happy_afterlife,
          nicolae_trove_entry_free_sample, nicolae_eternal_life, uniq_gastronok,
          uniq_snorg
D:12:     nzn_winding_woodlands_three_and_one
          [nzn_winding_woodlands_5x15_river_crossing,
          nzn_winding_woodlands_5x15_sidewinder,
          nzn_winding_woodlands_5x15_crooked,
          nzn_winding_woodlands_center_diamonds], layout_loops_ring,
          minmay_gold_behind_fungi, kennysheep_another_room, uniq_maurice
D:13:     layout_stronghold, david_vaults_2, portal_ice_cave_entry_pillars_2,
          uniq_sonja
D:14:     layout_roguey, minmay_misc_feat_chi, hangedman_tell_no_tales
D:15:     gammafunk_enter_depths_forms, layout_grid_maze, minivault_4,
          gauntlet_entry_generic, minmay_checkered_concentric_circles
Lair:1:   layout_roguey, wad_woods_06, hangedman_lair_unloving_vines,
          fungi_pond_lemuel, lemuel_fruit_tree
Lair:2:   layout_cave_shapes, minmay_shoals_entry_hut,
          minmay_snake_entry_six_corridors, grunt_megastairs_3
Lair:3:   layout_chaotic_city, gammafunk_ghost_hive
Lair:4:   hellmonk_ruined_rings, layout_loops_ring, dpeg_slime_entry_enclosed,
          special_room [special_room_bee]
Lair:5:   grunt_lair_end_beastmaster, layout_gridlike,
          chequers_serial_rivers_micro_d, uniq_kirke, uniq_josephine

Skill      XL: |  1  2  3  4  5  6  7  8  9 10 11 12 13 14 15 |
---------------+----------------------------------------------+-----
Fighting       | 4 5 6 8 9 11 12 13 14 15 16 | 16.4
Maces & Flails | 4 5 7 8 10 11 12 13 14 15 16 | 16.7
Dodging        | 4 5 7 8 9 11 | 11.7
Shields        | 3 6 8 |  8.5
Stealth        | 3 7 9 |  9.3

Action                     |  1- 3 |  4- 6 |  7- 9 | 10-12 | 13-15 || total
---------------------------+-------+-------+-------+-------+-------++-------
  Melee: Mace              |    85 |    19 |       |       |       ||   104
         Tailslap          |    12 |     6 |    16 |    54 |   107 ||   195
         Shillelagh        |       |    70 |   136 |   363 |   666 ||  1235
         Punch             |       |       |     1 |       |       ||     1
         Eveningstar       |       |       |       |       |    41 ||    41
         Unarmed           |       |       |       |       |     6 ||     6
 Invoke: Berserk           |     1 |     1 |     2 |    11 |    11 ||    26
  Evoke: Wand              |       |       |       |       |     1 ||     1
    Use: Scroll            |       |       |       |    19 |     6 ||    25
         Potion            |       |       |       |     2 |     3 ||     5
   Stab: Sleeping          |     1 |     1 |     1 |     1 |    17 ||    21
         Distracted        |       |       |       |       |     3 ||     3
 Armour: Skin              |    87 |    42 |    85 |   175 |   414 ||   803
  Dodge: Dodged            |    93 |    56 |    77 |   136 |   391 ||   753
  Block: Kite shield       |       |       |       |    64 |   319 ||   383
